Map: Coda LE (Void)

Players

Javert - Winner!

  • Race: Zerg Zerg
  • League: Grandmaster

Neo

  • Race: Terran Terran
  • League: Grandmaster

VOD

Have the link to the VOD?

Description

Time

  • Played on: June 13, 2015, 1:41 a.m.
  • Length: 4:12
Show
View Real Time Build Order
Export as new Build Order

Javert Zerg - Winner!

Build Orders: Hatch First 

Get SALT Encoding   

  12  0:01  Drone  
  13  0:13  Overlord  
  13  0:19  Drone  
  14  0:32  Drone x2  
  16  0:50  Hatchery  
  15  1:05  Spawning Pool  
  15  1:07  Drone  
  15  1:11  Drone  
  15  1:16  Extractor  
  15  1:21  Drone x2  
  17  1:30  Overlord  
  17  1:42  Drone  
  18  1:52  Queen  
  20  1:56  Drone  
  21  2:02  Queen  
  21  2:08  Zergling x4  
  25  2:17  Metabolic Boost  
  25  2:22  Drone x2  
  27  2:54  Drone x5  
  27  2:55  Drone  
  33  3:05  Zergling x6  
  36  3:08  Overlord x2  
  36  3:28  Zergling x14  
  43  3:42  Baneling Nest, Drone x3  
  43  3:43  Drone x3  
Show
View Real Time Build Order
Export as new Build Order

Neo Terran 

Build Orders:  

Get SALT Encoding   

  12  0:01  SCV  
  13  0:13  SCV  
  14  0:23  Supply Depot  
  14  0:25  SCV  
  15  0:31  Refinery  
  15  0:45  SCV  
  15  0:47  Barracks  
  16  0:57  SCV, Refinery  
  17  1:09  SCV  
  18  1:18  Supply Depot  
  18  1:21  SCV  
  19  1:33  SCV  
  19  1:35  Reaper  
  21  1:40  Supply Depot  
  21  1:45  SCV  
  22  1:57  SCV  
  23  2:13  Marine  
  23  2:15  SCV  
  25  2:26  Command Center  
  25  2:36  SCV  
  26  2:48  SCV  
  27  3:00  SCV  
  28  3:17  Factory  
  28  3:20  Refinery  
  28  3:22  Barracks Tech Lab, Orbital Command  
  28  3:30  Supply Depot  
  28  3:36  Factory  
  28  3:43  Refinery, Orbital Command  
  28  3:47  Marine  
Tags
 
Add a new tag
Caveats
  • Supply blocks, unpowered buildings, or Contaminate may cause inaccurate times.
  • Supply counts are checked every 10 seconds.